TOP OF THE 1ST |
St. Louis Cardinals batting - Pitching for San Francisco Giants : RHP Steven Miller
|
Pitching: RHP Steven Miller
|
|
Batting: SHB Otis Nixon
|
0-0: Swinging Strike 0-1: Ball 1-1: Ball 2-1: Ground out 4-3 (Groundball, 4M, EV 83.1 MPH)
|
Batting: LHB Jim Gantner
|
0-0: Ball 1-0: Foul Ball, location: 2F 1-1: Swinging Strike 1-2: Foul Ball, location: 2F 1-2: Foul Ball, location: 2F 1-2: Fly out, F7 (Flyball, 7S, EV 90.6 MPH)
|
Batting: RHB Sixto Lezcano
|
0-0: Called Strike 0-1: Called Strike 0-2: Ball 1-2: Strikes out swinging
|
Top of the 1st over - 0 runs, 0 hits, 0 errors, 0 left on base; St. Louis 0 - San Francisco 0 |
BOTTOM OF THE 1ST |
San Francisco Giants batting - Pitching for St. Louis Cardinals : LHP Ken Holtzman
|
Pitching: LHP Ken Holtzman
|
|
Batting: LHB Kevin Christensen
|
0-0: Ball 1-0: Fly out, F8 (Line Drive, 8RM, EV 88.1 MPH)
|
Batting: LHB Ken Griffey Sr
|
0-0: Ball 1-0: Ball 2-0: Fly out, F7 (Flyball, 7S, EV 92.5 MPH)
|
Batting: LHB Keith Hernandez
|
0-0: Ground out 4-3 (Groundball, 4, EV 85.0 MPH)
|
Bottom of the 1st over - 0 runs, 0 hits, 0 errors, 0 left on base; St. Louis 0 - San Francisco 0 |
TOP OF THE 2ND |
St. Louis Cardinals batting - Pitching for San Francisco Giants : RHP Steven Miller
|
Batting: LHB Pat Putnam
|
0-0: Fly out, F7 (Flyball, 78S, EV 91.3 MPH)
|
Batting: LHB Mike Davis
|
0-0: Called Strike 0-1: Ground out 4-3 (Groundball, 4, EV 84.4 MPH)
|
Batting: RHB Joe Torre
|
0-0: Called Strike 0-1: Ball 1-1: Foul Ball, location: 2F 1-2: SINGLE (Groundball, 4MD, EV 103.1 MPH)
|
Batting: SHB Billy E Smith
|
0-0: Foul Ball, location: 2F 0-1: Hit by Pitch Joe Torre to second
|
Batting: RHB Craig Stimac
|
0-0: Ball 1-0: Fly out, F9 (Flyball, 9LD, EV 80.6 MPH)
|
Top of the 2nd over - 0 runs, 1 hit, 0 errors, 2 left on base; St. Louis 0 - San Francisco 0 |
BOTTOM OF THE 2ND |
San Francisco Giants batting - Pitching for St. Louis Cardinals : LHP Ken Holtzman
|
Batting: RHB Phil Bailey
|
0-0: Called Strike 0-1: Ball 1-1: Ground out 6-3 (Groundball, 6MD, EV 85.0 MPH)
|
Batting: RHB Don Slaught
|
0-0: Foul Ball, location: 2F 0-1: Ball 1-1: Ground out 4-3 (Groundball, 4MD, EV 109.4 MPH)
|
Batting: RHB Kevin Howard
|
0-0: Called Strike 0-1: Swinging Strike 0-2: Ball 1-2: SOLO HOME RUN (Flyball, 7D, EV 101.9 MPH), Distance : 383 ft
|
Batting: RHB Dickie Thon
|
0-0: Ball 1-0: SINGLE (Line Drive, 89S, EV 90.6 MPH)
|
Batting: RHB Billy L Smith
|
0-0: Called Strike Dickie Thon is caught stealing 2nd base 2-4
|
Bottom of the 2nd over - 1 run, 2 hits, 0 errors, 0 left on base; St. Louis 0 - San Francisco 1 |
TOP OF THE 3RD |
St. Louis Cardinals batting - Pitching for San Francisco Giants : RHP Steven Miller
|
Batting: RHB Ken Holtzman
|
0-0: Ball 1-0: Ball 2-0: Ball 3-0: Called Strike 3-1: Fly out, F8 (Flyball, 8LM, EV 90.0 MPH)
|
Batting: SHB Otis Nixon
|
0-0: Ball 1-0: Ground out 4-3 (Groundball, 4MD, EV 88.1 MPH)
|
Batting: LHB Jim Gantner
|
0-0: Ball 1-0: Fly out, F6 (Line Drive, 6, EV 66.9 MPH)
|
Top of the 3rd over - 0 runs, 0 hits, 0 errors, 0 left on base; St. Louis 0 - San Francisco 1 |
BOTTOM OF THE 3RD |
San Francisco Giants batting - Pitching for St. Louis Cardinals : LHP Ken Holtzman
|
Batting: RHB Billy L Smith
|
0-0: Ball 1-0: Ball 2-0: Fly out, F8 (Flyball, 8LD, EV 100.0 MPH)
|
Batting: RHB Steven Miller
|
0-0: Ball 1-0: Foul Ball, location: 2F 1-1: Called Strike 1-2: Foul Ball, location: 7LSF, Error on foul ball, E7 1-2: Strikes out swinging
|
Batting: LHB Kevin Christensen
|
0-0: Called Strike 0-1: Ground out 4-3 (Groundball, 34, EV 83.1 MPH)
|
Bottom of the 3rd over - 0 runs, 0 hits, 1 error, 0 left on base; St. Louis 0 - San Francisco 1 |
TOP OF THE 4TH |
St. Louis Cardinals batting - Pitching for San Francisco Giants : RHP Steven Miller
|
Batting: RHB Sixto Lezcano
|
0-0: Ball 1-0: Ground out 6-3 (Groundball, 56, EV 83.8 MPH)
|
Batting: LHB Pat Putnam
|
0-0: DOUBLE (Flyball, 9LD, EV 104.4 MPH)
|
Batting: LHB Mike Davis
|
0-0: Called Strike 0-1: Called Strike 0-2: Ball 1-2: Strikes out looking
|
Batting: RHB Joe Torre
|
0-0: Ball 1-0: Foul Ball, location: 2F 1-1: Ball 2-1: Swinging Strike 2-2: Ball 3-2: Strikes out looking
|
Top of the 4th over - 0 runs, 1 hit, 0 errors, 1 left on base; St. Louis 0 - San Francisco 1 |
BOTTOM OF THE 4TH |
San Francisco Giants batting - Pitching for St. Louis Cardinals : LHP Ken Holtzman
|
Batting: LHB Ken Griffey Sr
|
0-0: Ball 1-0: Foul Ball, location: 2F 1-1: Called Strike 1-2: Foul Ball, location: 2F 1-2: Fly out, F5 (Line Drive, 56, EV 83.8 MPH)
|
Batting: LHB Keith Hernandez
|
0-0: Called Strike 0-1: Foul Ball, location: 2F 0-2: Fly out, F6 (Popup, 56, EV 57.5 MPH)
|
Batting: RHB Phil Bailey
|
0-0: Ball 1-0: Called Strike 1-1: Foul Ball, location: 2F 1-2: DOUBLE (Line Drive, 9LD, EV 103.8 MPH)
|
Batting: RHB Don Slaught
|
0-0: Called Strike 0-1: Ball 1-1: Fly out, F8 (Flyball, 89M, EV 86.3 MPH)
|
Bottom of the 4th over - 0 runs, 1 hit, 0 errors, 1 left on base; St. Louis 0 - San Francisco 1 |
TOP OF THE 5TH |
St. Louis Cardinals batting - Pitching for San Francisco Giants : RHP Steven Miller
|
Batting: SHB Billy E Smith
|
0-0: Ball 1-0: Ball 2-0: Ball 3-0: Called Strike 3-1: Base on Balls
|
Batting: RHB Craig Stimac
|
0-0: Called Strike 0-1: Swinging Strike 0-2: Strikes out looking
|
Batting: RHB Ken Holtzman
|
0-0: Ball Billy E Smith steals 2nd base 1-0: Called Strike 1-1: Swinging Strike 1-2: Ball 2-2: Foul Ball, location: 2F 2-2: Foul Ball, location: 2F 2-2: Ball 3-2: Base on Balls
|
Batting: SHB Otis Nixon
|
0-0: Ball 1-0: Ball 2-0: Called Strike 2-1: Ball 3-1: Foul Ball, location: 2F 3-2: Foul Ball, location: 2F 3-2: Base on Balls Billy E Smith to third Ken Holtzman to second
|
Batting: LHB Jim Gantner
|
0-0: Ball 1-0: Foul Ball, location: 2F 1-1: Fielders Choice at 2nd, 5-4 (Groundball, 56, EV 108.1 MPH) Billy E Smith scores Ken Holtzman to third
|
Batting: RHB Sixto Lezcano
|
0-0: Called Strike 0-1: Ball 1-1: Fly out, F8 (Flyball, 78M, EV 81.9 MPH)
|
Top of the 5th over - 1 run, 0 hits, 0 errors, 2 left on base; St. Louis 1 - San Francisco 1 |
BOTTOM OF THE 5TH |
San Francisco Giants batting - Pitching for St. Louis Cardinals : LHP Ken Holtzman
|
Batting: RHB Kevin Howard
|
0-0: Ball 1-0: SINGLE (Line Drive, 4D, EV 103.8 MPH)
|
Batting: RHB Dickie Thon
|
0-0: Called Strike 0-1: Ball 1-1: Ball 2-1: Foul Ball, location: 2F 2-2: Ball 3-2: Strikes out swinging
|
Batting: RHB Billy L Smith
|
0-0: Foul Ball, location: 2F 0-1: Ball 1-1: Grounds into double play, 5-4-3 (Groundball, 56, EV 85.0 MPH)
|
Bottom of the 5th over - 0 runs, 1 hit, 0 errors, 0 left on base; St. Louis 1 - San Francisco 1 |
TOP OF THE 6TH |
St. Louis Cardinals batting - Pitching for San Francisco Giants : RHP Steven Miller
|
Batting: LHB Pat Putnam
|
0-0: Foul Ball, location: 2F 0-1: Ball 1-1: Foul Ball, location: 2F 1-2: Strikes out swinging
|
Batting: LHB Mike Davis
|
0-0: Called Strike 0-1: Ball 1-1: Swinging Strike 1-2: Foul Ball, location: 2F 1-2: SINGLE (Flyball, 89S, EV 94.4 MPH)
|
Batting: RHB Joe Torre
|
0-0: Called Strike Mike Davis steals 2nd base 0-1: Called Strike Mike Davis is caught stealing 3rd base 2-5 0-2: SINGLE (Groundball, 56D, EV 102.5 MPH)
|
Batting: SHB Billy E Smith
|
0-0: Ball 1-0: Called Strike 1-1: Swinging Strike 1-2: Foul Ball, location: 2F 1-2: Foul Ball, location: 2F 1-2: Foul Ball, location: 2F 1-2: Ball 2-2: Strikes out swinging
|
Top of the 6th over - 0 runs, 2 hits, 0 errors, 1 left on base; St. Louis 1 - San Francisco 1 |
BOTTOM OF THE 6TH |
San Francisco Giants batting - Pitching for St. Louis Cardinals : LHP Ken Holtzman
|
Batting: RHB Steven Miller
|
0-0: Ground out 5-3 (Groundball, 56, EV 81.3 MPH)
|
Batting: LHB Kevin Christensen
|
0-0: Fly out, F9 (Flyball, 9S, EV 88.8 MPH)
|
Batting: LHB Ken Griffey Sr
|
0-0: Ball 1-0: Ball 2-0: Swinging Strike 2-1: Fly out, F6 (Popup, 6D, EV 52.5 MPH)
|
Bottom of the 6th over - 0 runs, 0 hits, 0 errors, 0 left on base; St. Louis 1 - San Francisco 1 |
TOP OF THE 7TH |
St. Louis Cardinals batting - Pitching for San Francisco Giants : RHP Steven Miller
|
Batting: RHB Craig Stimac
|
0-0: Ball 1-0: SINGLE (Line Drive, 8RS, EV 99.4 MPH)
|
Batting: RHB Ken Holtzman
|
0-0: Sac Bunt to 5S - play at first, batter OUT! 5-4 Craig Stimac to second
|
Batting: SHB Otis Nixon
|
0-0: SINGLE (Line Drive, 89S, EV 107.5 MPH) Craig Stimac to third Runner from 3rd tries for Home, SAFE, throw by RF to home Otis Nixon to second
|
Pitching: LHP Doug Capilla
|
|
Batting: LHB Jim Gantner
|
0-0: Foul Ball, location: 2F 0-1: Called Strike 0-2: Ball 1-2: Foul Ball, location: 2F 1-2: Ball 2-2: Ball 3-2: Fly out, F8 (Flyball, 89D, EV 91.3 MPH) Runner from 2nd tags up, SAFE at 3rd, no throw by CF
|
Pitching: RHP Dan O'Brien
|
|
Batting: RHB Sixto Lezcano
|
0-0: Ball 1-0: Ball 2-0: Swinging Strike 2-1: Fly out, F7 (Flyball, 7D, EV 90.0 MPH)
|
Top of the 7th over - 1 run, 2 hits, 0 errors, 1 left on base; St. Louis 2 - San Francisco 1 |
BOTTOM OF THE 7TH |
San Francisco Giants batting - Pitching for St. Louis Cardinals : LHP Ken Holtzman
|
Batting: LHB Keith Hernandez
|
0-0: Called Strike 0-1: TRIPLE (Flyball, 9LD, EV 106.9 MPH)
|
Batting: RHB Phil Bailey
|
0-0: Ball 1-0: Foul Ball, location: 2F 1-1: Foul Ball, location: 2F 1-2: Ball 2-2: Ball 3-2: Foul Ball, location: 2F 3-2: Ground out 5-3 (Groundball, 56S, EV 70.0 MPH)
|
Batting: RHB Don Slaught
|
0-0: Ball 1-0: Ball 2-0: Ground out 6-3 (Groundball, 6, EV 108.1 MPH)
|
Batting: RHB Kevin Howard
|
0-0: Called Strike 0-1: Ground out 1-3 (Groundball, 34S, EV 63.1 MPH)
|
Bottom of the 7th over - 0 runs, 1 hit, 0 errors, 1 left on base; St. Louis 2 - San Francisco 1 |
TOP OF THE 8TH |
St. Louis Cardinals batting - Pitching for San Francisco Giants : RHP Dan O'Brien
|
Batting: LHB Pat Putnam
|
0-0: Called Strike 0-1: Ball 1-1: Foul Ball, location: 2F 1-2: Ball 2-2: Ball 3-2: Ground out 3-1 (Groundball, 34, EV 88.8 MPH)
|
Batting: LHB Mike Davis
|
0-0: Foul Ball, location: 2F 0-1: Ball 1-1: Ground out 4-3 (Groundball, 4, EV 90.6 MPH)
|
Batting: RHB Joe Torre
|
0-0: Foul Ball, location: 2F 0-1: Ball 1-1: Ball 2-1: Foul Ball, location: 2F 2-2: Ground out 6-3 (Groundball, 6, EV 87.5 MPH)
|
Top of the 8th over - 0 runs, 0 hits, 0 errors, 0 left on base; St. Louis 2 - San Francisco 1 |
BOTTOM OF THE 8TH |
San Francisco Giants batting - Pitching for St. Louis Cardinals : LHP Ken Holtzman
|
Batting: RHB Dickie Thon
|
0-0: Swinging Strike 0-1: Called Strike 0-2: Ball 1-2: Strikes out looking
|
Batting: RHB Billy L Smith
|
0-0: Foul Ball, location: 2F 0-1: Ground out 4-3 (Groundball, 4, EV 84.4 MPH)
|
Pinch Hitting: SHB Tyler O'Dell
|
0-0: Ball 1-0: Swinging Strike 1-1: Foul Ball, location: 2F 1-2: Fly out, F8 (Flyball, 8LD, EV 100.0 MPH)
|
Bottom of the 8th over - 0 runs, 0 hits, 0 errors, 0 left on base; St. Louis 2 - San Francisco 1 |
TOP OF THE 9TH |
St. Louis Cardinals batting - Pitching for San Francisco Giants : RHP Dan O'Brien
|
Pitching: LHP Sheldon Burnside
|
|
Batting: SHB Billy E Smith
|
0-0: Ball 1-0: Foul Ball, location: 2F 1-1: Fly out, F8 (Flyball, 89M, EV 91.3 MPH)
|
Batting: RHB Craig Stimac
|
0-0: Ball 1-0: Foul Ball, location: 2F 1-1: Ground out 6-3 (Groundball, 6, EV 102.5 MPH)
|
Pinch Hitting: RHB Bob Watson
|
0-0: Ball 1-0: Ball 2-0: Swinging Strike 2-1: SINGLE (Line Drive, 6MD, EV 98.8 MPH)
|
Batting: SHB Otis Nixon
|
0-0: Foul Ball, location: 2F 0-1: Ground out 1-3 (Groundball, 13S, EV 65.0 MPH)
|
Top of the 9th over - 0 runs, 1 hit, 0 errors, 1 left on base; St. Louis 2 - San Francisco 1 |
BOTTOM OF THE 9TH |
San Francisco Giants batting - Pitching for St. Louis Cardinals : LHP Ken Holtzman
|
Pitching: RHP Larry Andersen
|
|
Now at 2B: Steve Lubratich
|
|
Now in CF: Mookie Wilson
|
|
Batting: LHB Kevin Christensen
|
0-0: Called Strike 0-1: Fly out, F6 (Line Drive, 6, EV 72.5 MPH)
|
Batting: LHB Ken Griffey Sr
|
0-0: Ball 1-0: Swinging Strike 1-1: Ground out 6-3 (Groundball, 6, EV 80.6 MPH)
|
Batting: LHB Keith Hernandez
|
0-0: Called Strike 0-1: SINGLE (Groundball, 34D, EV 103.1 MPH)
|
Batting: RHB Phil Bailey
|
0-0: Ground out 6-3 (Groundball, 15, EV 88.1 MPH)
|
Bottom of the 9th over - 0 runs, 1 hit, 0 errors, 1 left on base; St. Louis 2 - San Francisco 1 |
|